 Dungeon Sprint DCSS version 0.18-b1-14-g029dad2 (webtiles) character file.

1285 otab the Sharpshooter (level 8, -6/73 HPs)
             Began as a Minotaur Hunter on Apr 30, 2016.
             Was an Elder of Cheibriados.
             Mangled by a cyclops (illusionary) (22 damage)
             ... in the Dungeon (Sprint V: "Ziggurat Sprint").
             The game lasted 00:02:14 (174 turns).

otab the Sharpshooter (Minotaur Hunter)              Turns: 174, Time: 00:02:15

Health: -6/73      AC: 26    Str: 26    XL:     8   Next: 29%
Magic:  8/8        EV: 13    Int: 17    God:    Cheibriados [****..]
Gold:   0          SH:  0    Dex: 34    Spells: 0 memorised, 7 levels left

rFire  . . .     SeeInvis +     K - +9 heavy crossbow "Sniper" {velocity, nevermiss, SInv}
rCold  . . .     Gourm    .     L - +15 Maxwell's patent armour {-Cast -Tele rElec MR+ rCorr}
rNeg   . . .     Faith    .     (shield currently unavailable)
rPois  .         Spirit   .     (helmet restricted)
rElec  +         Dismiss  .     (no cloak)
rCorr  +         Reflect  .     (no gloves)
SustAt .         Harm     .     (no boots)
MR     +....     NoTele   +     (no amulet)
Stlth  .......... NoCast   +    y - +6 ring of dexterity
                                B - +6 ring of dexterity

@: very slow, somewhat resistant to hostile enchantments, extremely unstealthy
A: retaliatory headbutt, horns 2
a: Bend Time, Temporal Distortion, Slouch, Renounce Religion


You were in the Dungeon.
You worshipped Cheibriados.
Cheibriados was greatly pleased with you.
You were not hungry.

You visited 1 branch

Inventory:

Hand Weapons
 K - the +9 heavy crossbow "Sniper" (weapon) {velocity, nevermiss, SInv}
   (You found it in the Dungeon)

   Any bolt fired from it inflicts extra damage.
   It lets you see invisible.
Missiles
 d - 1012 bolts (quivered)
Armour
 c - a +0 leather armour
 L - the +15 Maxwell's patent armour (worn) {-Cast -Tele rElec MR+ rCorr}
   (You found it in the Dungeon)

   It insulates you from electricity.
   It affects your resistance to hostile enchantments.
   It prevents spellcasting.
   It prevents most forms of teleportation.
   It protects you from acid and corrosion.
 M - a +5 gold dragon armour
Rods
 a - a +0 rod of shadows (10/10)
   (You found it in the Dungeon)
Jewellery
 y - a +6 ring of dexterity (right hand)
 B - a +6 ring of dexterity (left hand)
 C - a +6 ring of intelligence
 D - a +6 ring of intelligence
 E - a +6 ring of strength
 F - a +6 ring of strength
Wands
 G - a wand of disintegration (7/24)
 H - a wand of iceblast (5/15)
 I - a wand of lightning (5/15)
 J - a wand of acid (5/15)
Scrolls
 k - 4 scrolls of blinking
 r - 4 scrolls of amnesia
 s - 3 scrolls of recharging
 t - 8 scrolls of fog
 u - a scroll of holy word
 v - 5 scrolls of identify
 w - 5 scrolls of remove curse
 x - 2 scrolls of fear
Potions
 e - 10 potions of curing
 g - 10 potions of heal wounds
 h - 6 potions of haste
 i - 7 potions of magic
 j - 3 potions of berserk rage
 l - 2 potions of brilliance
 m - 2 potions of invisibility
 n - 4 potions of resistance
 p - 5 potions of agility
 q - 5 potions of might
Comestibles
 f - 5 bread rations
 z - 42 fruits
 A - 4 meat rations


   Skills:
 + Level 7.2 Fighting
 + Level 16.6 Crossbows
 + Level 4.2 Armour
 + Level 6.1 Dodging
 - Level 2.4 Stealth
 + Level 2.5 Invocations
 - Level 2.2 Evocations


You had 7 spell levels left.
You didn't know any spells.

Dungeon Overview and Level Annotations

Branches:
Dungeon (1/1)

Altars:
Ashenzari
Cheibriados
Dithmenos
Elyvilon
Fedhas
Gozag
Kikubaaqudgha
Makhleb
Nemelex Xobeh
Okawaru
Pakellas
Qazlal
Ru
Sif Muna
Trog
Vehumet
Xom
Yredelemnul
Zin
The Shining One
Beogh
Jiyva
Lugonu


Innate Abilities, Weirdness & Mutations

You reflexively headbutt those who attack you in melee.
You have a pair of horns on your head.


Message History

The cyclops is struck by lightning.
The lightning arcs!
The orc knight is struck by lightning.
The lightning grounds out.
You are struck by lightning.
You resist.
The lightning arcs!
You are struck by lightning.
You resist.
The lightning arcs!
You are struck by lightning.
You resist.
The lightning arcs!
The cyclops is struck by lightning.
The lightning arcs!
You are struck by lightning.
You resist.
The lightning arcs!
Firing (i - inventory):
d - 1013 bolts (quivered)
Press: ? - help, Shift-Dir - straight line, f - cyclops
Aim: a cyclops (lightly wounded)
You shoot a bolt. The bolt hits the cyclops!!
The cyclops is heavily wounded.
The orc knight barely misses you. You furiously retaliate!
You headbutt the orc knight!
The rakshasa hits you with the +4 arc blade {discharge, rElec}!
* * * LOW HITPOINT WARNING * * *
You are struck by lightning.
You resist.
* * * LOW HITPOINT WARNING * * *
The lightning arcs!
The cyclops hits you!!
You die...

▓.....▓.....▓▓▓▓▓▓▓
▓▓▓▓▓▓▓▓▓▓▓▓▓▓
▓..8©8...▓
▓..})|...▓
▓...}....▓
▓........▓
..(.....▓
▓.▓(Co.▓.▓
▓...@RC..▓
▓▓▓▓▓▓▓▓▓▓


You could see an orc knight, a rakshasa and 2 cyclopes.

Vanquished Creatures
  An orc knight (D)
  A cyclops (D)
  A vampire mosquito (D)
  A water moccasin (D)
  A phantom (D)
  A necrophage (D)
  3 mummies (D)
  A ball python (D)
  A bat zombie (D)
  A giant gecko skeleton (D)
12 creatures vanquished.

Notes
Turn   | Place    | Note
--------------------------------------------------------------
     0 | D        | otab the Minotaur Hunter began the quest for the Orb.
     0 | D        | Reached XP level 1. HP: 18/18 MP: 0/0
     2 | D        | Found a viscous altar of Jiyva.
     2 | D        | Found a roughly hewn altar of Beogh.
     2 | D        | Found a corrupted altar of Lugonu.
     2 | D        | Found a white marble altar of Elyvilon.
     2 | D        | Found a sparkling altar of Nemelex Xobeh.
     3 | D        | Found a burning altar of Makhleb.
     3 | D        | Found an iron altar of Okawaru.
     3 | D        | Found a deep blue altar of Sif Muna.
     3 | D        | Found a radiant altar of Vehumet.
     3 | D        | Found a bloodstained altar of Trog.
     3 | D        | Found a shimmering altar of Xom.
    96 | D        | Became a worshipper of Cheibriados the Contemplative
   100 | D        | Reached skill level 5 in Crossbows
   100 | D        | Reached XP level 2. HP: 27/27 MP: 0/2
   111 | D        | Entered arena 1.
   111 | D        | Noticed a water moccasin
   114 | D        | Killed a water moccasin
   114 | D        | Reached * piety under Cheibriados
   114 | D        | Reached skill level 5 in Fighting
   114 | D        | Reached skill level 9 in Crossbows
   114 | D        | Reached XP level 3. HP: 35/36 MP: 1/3
   114 | D        | Reached XP level 4. HP: 41/42 MP: 1/4
   131 | D        | Entered arena 2.
   134 | D        | Reached skill level 10 in Crossbows
   134 | D        | Reached XP level 5. HP: 48/48 MP: 5/5
   143 | D        | Got the cursed +0 scale mail of the Saviour {Dex+4}
   150 | D        | Entered arena 3.
   150 | D        | Noticed a phantom
   150 | D        | Noticed a necrophage
   153 | D        | Killed a phantom
   153 | D        | Reached ** piety under Cheibriados
   153 | D        | Reached skill level 11 in Crossbows
   154 | D        | Killed a necrophage
   154 | D        | Reached skill level 12 in Crossbows
   154 | D        | Reached XP level 6. HP: 57/57 MP: 6/6
   168 | D        | Entered arena 4.
   168 | D        | Noticed a vampire mosquito
   168 | D        | Noticed a rakshasa
   168 | D        | Noticed a cyclops
   168 | D        | Noticed an orc knight
   169 | D        | Killed a vampire mosquito
   169 | D        | Reached *** piety under Cheibriados
   169 | D        | Reached skill level 13 in Crossbows
   169 | D        | Reached skill level 5 in Dodging
   172 | D        | Killed an orc knight
   172 | D        | Reached skill level 15 in Crossbows
   172 | D        | Reached XP level 7. HP: 52/64 MP: 7/7
   173 | D        | Killed a cyclops
   173 | D        | Reached **** piety under Cheibriados
   173 | D        | Reached skill level 16 in Crossbows
   173 | D        | Reached XP level 8. HP: 31/73 MP: 8/8
   174 | D        | Mangled by a cyclops (illusionary)

Skill      XL: |  1  2  3  4  5  6  7 |
---------------+----------------------+-----
Fighting       | 4 5 6 7 |  7.2
Crossbows      | 5 9 10 12 15 16 | 16.6
Armour         | 2 3 4 |  4.2
Dodging        | 3 4 5 6 |  6.1
Stealth        | 2 |  2.4
Invocations    | 2 |  2.5
Evocations     | 2 |  2.2

Action                   |  1- 3 |  4- 6 |  7- 9 || total
-------------------------+-------+-------+-------++-------
 Fire: Heavy crossbow    |     3 |    12 |     2 ||    17
  Use: Potion            |     1 |       |       ||     1
Armor: Plate armour      |     6 |     6 |     4 ||    16
Dodge: Dodged            |     1 |    10 |     4 ||    15
